 Dungeon Crawl Stone Soup version 0.20.1-1-g8b1a95d (console) character file.

58 vuolankoinen the Caller (level 3, -5/16 HPs)
             Began as a Felid Summoner on Nov 7, 2017.
             Killed from afar by an orc wizard (9 damage)
             ... with a magic dart
             ... on level 3 of the Dungeon on Nov 8, 2017.
             The game lasted 00:13:03 (3136 turns).

vuolankoinen the Caller (Felid Summoner)            Turns: 3136, Time: 00:13:04

Health: -5/16      AC:  1    Str:  4    XL:     3   Next: 76%
Magic:  7/7        EV: 18    Int: 17    God:
Gold:   122        SH:  0    Dex: 16    Spells: 0/6 levels left
                                        Lives:  0   Deaths: 0

rFire    . . .     SeeInvis +     - Unarmed
rCold    + . .     Gourm    .   (shield unavailable)
rNeg     . . .     Faith    .   (armour unavailable)
rPois    .         Spirit   .   (helmet unavailable)
rElec    .         Reflect  .   (cloak unavailable)
rCorr    +         Harm     .   (gloves unavailable)
MR       .....                  (boots unavailable)
Stlth    +++.......             (no amulet)
Regen    0.1/turn               d - ring of resist corrosion
MPRegen  0.1/turn               m - ring of protection from cold

@: quick
A: no armour, no weapons or thrown items, stealth, claws 1, fangs 3, see
invisible, carnivore 3, speed 1, shaggy fur 1, slow metabolism 1, sharp paws
a: no special abilities


You were on level 3 of the Dungeon.
You were very full.

You visited 1 branch of the dungeon, and saw 3 of its levels.

You collected 122 gold pieces.

Inventory:

Jewellery
 d - a ring of resist corrosion (left paw)
 m - a ring of protection from cold (right paw)
Scrolls
 c - a scroll of enchant armour {unknown}
 e - 3 scrolls of teleportation {unknown}
 f - 2 scrolls of recharging {unknown}
 h - 4 scrolls of identify {unknown}
 i - a scroll of noise {unknown}
 j - 3 scrolls of remove curse {unknown}
 k - a scroll of magic mapping {unknown}
Potions
 g - a potion of might {unknown}
 l - a potion of ambrosia {unknown}
 n - 2 potions of flight {unknown}
Books
 a - a book of Callings

   Spells                             Type                      Level
   a - Summon Small Mammal            Summoning                    1
   b - Call Imp                       Summoning                    2
   c - Call Canine Familiar           Summoning                    3
   d - Summon Guardian Golem          Hexes/Summoning              3
   e - Summon Lightning Spire         Summoning/Air                4
   f - Summon Ice Beast               Ice/Summoning                4
Comestibles
 b - a meat ration


   Skills:
 * Level 1.8 Fighting
 + Level 3.1 Dodging
 + Level 3.8 Stealth
 + Level 1.5 Unarmed Combat
 + Level 2.0 Spellcasting
 - Level 4.0 Summonings


You couldn't memorise any spells.
You knew the following spells:

 Your Spells              Type           Power        Failure   Level  Hunger
a - Summon Small Mammal   Summ           ###.         3%          1    #......
b - Call Canine Familiar  Summ           ###.....     11%         3    ###....
c - Call Imp              Summ           ###.....     5%          2    ###....


Dungeon Overview and Level Annotations

Branches:
Dungeon (3/15)

Altars:
Elyvilon


Innate Abilities, Weirdness & Mutations

You cannot wear armour.
You are incapable of wielding weapons or throwing items.
Your paws allow you to move quietly. (Stealth)
You have sharp claws.
You have razor-sharp teeth.
You have supernaturally acute eyesight. (SInv)
You are carnivorous and can eat meat at any time.
You cover ground quickly.
You are covered in fur. (AC +1)
You have a slow metabolism.
Your sharp claws are effective at attacking unaware monsters.


Message History

You closely miss the orc wizard.
The orc wizard is almost dead.
The orc closely misses you. x2
The orc wizard gestures at you while chanting.
You resist with some effort.
A giant cockroach comes into view.
You scratch the orc wizard but do no damage.
The orc wizard is almost dead.
The orc misses you. The orc barely misses you.
The orc wizard gestures at you while chanting.
The puff of flame misses you.
The puff of flame hits the orc.
The orc dies!
You barely miss the orc wizard.
The orc wizard is almost dead.
The bat barely misses you. The bat hits you but does no damage.
The orc hits you with a mace.
* * * LOW HITPOINT WARNING * * *
The orc wizard casts a spell at you. The magic dart hits you!
Ouch! That really hurt!
You die...

.. #.### ....
... !.# # ..#
#####.##s.####.
......o@†......
#####.ob.......
####.#####. .#
.# .# .. ##


You could see an orc wizard, an orc, a giant cockroach and a bat.

Vanquished Creatures
  An adder (D:2)
  A worm (D:2)
  A dart slug (D:1)
  A leopard gecko (D:1)
  An orc (D:3)
  4 bats (D:1)
  2 giant cockroaches
  2 goblins (D:1)
  2 hobgoblins (D:2)
  2 jackals (D:3)
  2 quokkas
  A frilled lizard (D:2)
  8 kobolds
  7 rats
35 creatures vanquished.

Vanquished Creatures (collateral kills)
  An adder (D:2)
  A worm (D:2)
  An orc (D:3)
  A bat (D:1)
  A frilled lizard (D:2)
  A kobold (D:2)
6 creatures vanquished.

Vanquished Creatures (others)
  An orc (D:3)
1 creature vanquished.

Grand Total: 42 creatures vanquished

Notes
Turn   | Place    | Note
-------+----------+-------------------------------------------
     0 | D:1      | vuolankoinen the Felid Summoner began the quest for the Orb.
     0 | D:1      | Reached XP level 1. HP: 7/7 MP: 4/4
    46 | D:1      | Reached skill level 1 in Fighting
   183 | D:1      | Reached XP level 2. HP: 8/12 MP: 6/6
   836 | D:2      | Reached skill level 1 in Unarmed Combat
   948 | D:2      | Reached XP level 3. HP: 6/15 MP: 3/7
   952 | D:2      | Learned a level 3 spell: Call Canine Familiar
   955 | D:2      | Learned a level 2 spell: Call Imp
  2712 | D:3      | Found a white marble altar of Elyvilon.
  3136 | D:3      | Killed from afar by an orc wizard

Skill      XL: |  1  2  3 |
---------------+----------+-----
Fighting       | 1 |  1.8
Stealth        | 3 |  3.8
Unarmed Combat | 1 |  1.5
Dodging        | 3 |  3.1
Spellcasting   | |  2.0
Summonings     | |  4.0

Action                   || total
-------------------------++-------
Melee: Unarmed           ||   144
       Bite              ||    13
 Cast: Summon Small Mamm ||    19
       Call Imp          ||     5
       Call Canine Famil ||     2
 Stab: Sleeping          ||    11
       Distracted        ||     1
  Eat: Chunk             ||    11
Armor: Skin              ||     6
Dodge: Dodged            ||   110
